Oilers vs Sabres

Created - March 26, 2016 at 09:52

Goals
1 2 3 T
Oilers 2 0 0 2
Sabres 2 1 0 3
Shots
1 2 3 T
Oilers 8 11 10 29
Sabres 11 9 12 32

1st period

1. Oilers , Matt Read 12 (Gabriel Landeskog, Tyler Bozak) at 4:36
2. Sabres , Gustav Nyquist 25 (Kyle Turris, Thomas Vanek) at 4:53 (PP)
3. Oilers , Matthew Nieto 7 (Brian Campbell) at 14:35
4. Sabres , Thomas Vanek 21 (Braydon Coburn, Kyle Turris) at 15:08

Penalties :
Daniel Winnik (BUF) for Tripping (Minor) at 2:36, Jeff Schultz (EDM) for Hooking (Minor) at 4:41, Dominic Moore (EDM) for Hooking (Minor) at 8:06

2nd period

5. Sabres , Kyle Turris 39 (Rasmus Ristolainen, Gustav Nyquist) at 10:52

Penalties :
Gustav Nyquist (BUF) for Hooking (Minor) at 8:32

3rd period

No Goal

Penalties :
Braydon Coburn (BUF) for Hooking (Minor) at 18:31

Goalie Stats

Martin Jones (EDM), 29 saves from 32 shots - (0.906), L, 13-9-0, 59:18 minutes
Ondrej Pavelec (BUF), 27 saves from 29 shots - (0.931), W, 36-17-5, 60:00 minutes

Players Stats for Oilers

Player Name              G  A  P  +/- PIM S  H  SB GA TA FO     MP     PP MP  PK MP  
------------------------------------------------------------------------------------
Aleksander Barkov        0  0  0   0  0   2  0  0  0  0  9/18   19:20   2:31   1:24 
Bo Horvat                0  0  0   0  0   1  0  0  0  0  3/10    8:43   0:00   0:00 
Brian Campbell           0  1  1   1  0   1  0  2  0  0  0/0    20:44   2:13   1:23 
Dominic Moore            0  0  0   0  2   2  2  0  0  0  0/3    15:36   0:00   0:12 
Gabriel Landeskog        0  1  1   0  0   3  2  0  0  0  0/0    20:58   2:55   0:00 
Jay Beagle               0  0  0   0  0   1  1  0  0  0  2/9    10:12   0:00   0:00 
Jeff Schultz             0  0  0   0  2   1  1  0  0  0  0/0    16:06   0:00   0:00 
Justin Williams          0  0  0   0  0   2  0  0  0  0  0/1    17:56   2:31   0:00 
Marc-Edouard Vlasic      0  0  0  -1  0   1  2  1  0  0  0/0    23:09   3:13   0:48 
Marco Scandella          0  0  0  -1  0   4  2  2  0  0  0/0    23:09   3:13   0:48 
Mathew Dumba             0  0  0   0  0   0  1  1  0  0  0/0    16:07   0:00   0:00 
Matt Read                1  0  1   0  0   2  0  0  0  0  4/4    21:38   2:55   0:40 
Matthew Nieto            1  0  1   0  0   2  0  0  0  0  0/0     8:43   0:00   0:00 
Michael Grabner          0  0  0   0  0   2  0  0  0  0  0/1    14:14   2:31   1:31 
Scottie Upshall          0  0  0   0  0   0  0  0  0  0  0/1     8:43   0:00   0:00 
Thomas Hickey            0  0  0   1  0   1  2  1  0  0  0/0    20:44   2:13   1:23 
Tomas Fleischmann        0  0  0   0  0   0  0  0  0  0  1/3    10:47   0:00   0:35 
Tyler Bozak              0  1  1   0  0   4  2  0  0  0  16/26  20:58   2:55   0:00 

Players Stats for Sabres

Player Name              G  A  P  +/- PIM S  H  SB GA TA FO     MP     PP MP  PK MP  
------------------------------------------------------------------------------------
Brad Boyes               0  0  0   0  0   1  0  0  0  0  3/5     8:00   0:00   2:15 
Brayden Schenn           0  0  0   0  0   4  5  0  0  0  1/1    17:55   0:41   2:15 
Braydon Coburn           0  1  1   1  2   1  1  0  0  0  0/0    18:20   1:15   0:00 
Daniel Winnik            0  0  0  -1  2   1  1  1  0  0  1/6    13:56   0:00   2:11 
Francois Beauchemin      0  0  0  -1  0   0  0  2  0  0  0/0    24:18   0:56   2:26 
Gustav Nyquist           1  1  2   1  2   5  3  0  0  0  1/1    21:22   1:30   0:00 
Jacob Josefson           0  0  0   0  0   0  0  0  0  0  3/4     5:45   0:00   0:00 
Johnny Oduya             0  0  0   1  0   0  0  0  0  0  0/0    21:02   0:00   3:00 
Josh Gorges              0  0  0   0  0   0  1  4  0  0  0/0    16:27   0:00   3:00 
Kris Versteeg            0  0  0  -1  0   2  2  1  0  0  0/0    14:57   0:00   3:11 
Kyle Palmieri            0  0  0   0  0   0  0  0  0  0  0/0     5:45   0:00   0:00 
Kyle Turris              1  2  3   1  0   8  2  0  0  0  17/27  22:23   1:30   1:00 
Lars Eller               0  0  0  -1  0   1  0  0  0  0  4/11   11:46   0:00   0:00 
Nazem Kadri              0  0  0   0  0   3  1  0  0  0  8/17   15:40   0:41   0:00 
Nino Niederreiter        0  0  0   0  0   2  0  0  0  0  1/1    15:40   0:41   0:00 
Oliver Ekman-Larsson     0  0  0  -1  0   1  1  0  0  0  0/0    24:21   0:56   2:26 
Rasmus Ristolainen       0  1  1   0  0   1  1  0  0  0  0/0    15:31   1:15   0:00 
Thomas Vanek             1  1  2   1  0   2  3  0  0  0  2/3    21:23   1:30   0:00 

3 Stars

1 - Kyle Turris (BUF)
2 - Thomas Vanek (BUF)
3 - Gustav Nyquist (BUF)

Power Play

Oilers - 0 on 3 Attempt(s) - 0.00%
Sabres - 1 on 2 Attempt(s) - 50.00%

Penalty Kill

Oilers - 1 on 2 Attempt(s) - 50.00% - Score 0 goal in Penalty Kill
Sabres - 3 on 3 Attempt(s) - 100.00% - Score 0 goal in Penalty Kill

Team Stat

Oilers - Hits : 15 - Faceoff Wins : 35 - Blocked Shots : 7 - Penalty Minutes : 4
Sabres - Hits : 21 - Faceoff Wins : 41 - Blocked Shots : 8 - Penalty Minutes : 6

Official

Referees : Brad Meier and Justin St. Pierre
Linesman : Derek Nansen and Pierre Champoux

Game Notes

No Game Note

Finance

Level 1 -- Attendance: 5874 (90.37%) -- Ticket Income $558,030
Level 2 -- Attendance: 4848 (96.96%) -- Ticket Income $363,600
Level 3 -- Attendance: 3397 (97.06%) -- Ticket Income $169,850
Level 4 -- Attendance: 2594 (84.50%) -- Ticket Income $77,820
Luxury Box -- Attendance: 1000 (100.00%) -- Ticket Income $205,000
Game was played at the First Niagara Center.
Total Attendance: 17713 (92.88%)
Total Ticket Income: $1,374,300
Other Income: $206,145
Total Income: $1,580,445

% Time on Ice - Oilers

Lines # - Real PCT - Wanted PCT - Time Play
Normal Forward
1 - 34% - 35% - 18:03
2 - 29% - 30% - 15:25
3 - 19% - 20% - 10:12
4 - 17% - 15% - 8:43
Normal Defense
1 - 34% - 33% - 17:34
2 - 33% - 32% - 17:08
3 - 31% - 30% - 16:07
4 - 3% - 5% - 1:34
PP Forward
1 - 54% - 50% - 2:55
2 - 46% - 50% - 2:31
PP Defense
1 - 59% - 50% - 3:13
2 - 41% - 50% - 2:13
PK Forward
1 - 69% - 50% - 1:31
2 - 31% - 50% - 0:40
PK Defense
1 - 37% - 50% - 0:48
2 - 63% - 50% - 1:23
PK3 Forward
1 - 0% - 50%
2 - 0% - 50%
PK3 Defense
1 - 0% - 60%
2 - 0% - 40%
44 Forward
1 - 0% - 50%
2 - 0% - 50%
44 Defense
1 - 0% - 60%
2 - 0% - 40%
Last Minute Offensive  - 0:00
Last Minute Defensive  - 0:00
Total
Forward - 60:00
Defense - 60:00

% Time on Ice - Sabres

Lines # - Real PCT - Wanted PCT - Time Play
Normal Forward
1 - 38% - 40% - 19:53
2 - 29% - 30% - 14:59
3 - 22% - 20% - 11:46
4 - 11% - 10% - 5:45
Normal Defense
1 - 39% - 40% - 20:14
2 - 34% - 32% - 18:02
3 - 26% - 22% - 13:25
4 - 1% - 6% - 0:42
PP Forward
1 - 69% - 60% - 1:30
2 - 31% - 40% - 0:41
PP Defense
1 - 43% - 60% - 0:56
2 - 57% - 40% - 1:15
PK Forward
1 - 59% - 55% - 3:11
2 - 41% - 45% - 2:15
PK Defense
1 - 55% - 55% - 3:00
2 - 45% - 45% - 2:26
PK3 Forward
1 - 0% - 50%
2 - 0% - 50%
PK3 Defense
1 - 0% - 70%
2 - 0% - 30%
44 Forward
1 - 0% - 60%
2 - 0% - 40%
44 Defense
1 - 0% - 60%
2 - 0% - 40%
Last Minute Offensive  - 0:00
Last Minute Defensive  - 0:00
Total
Forward - 60:00
Defense - 60:00

Play by Play

1st period


0:01 of 1st period - Kyle Turris wins face-off versus Tyler Bozak in neutral zone.
0:01 of 1st period - Oliver Ekman-Larsson is hit by Gabriel Landeskog and loses puck.
0:09 of 1st period - Shot by Gustav Nyquist.
0:09 of 1st period - Shot Misses the Net.
0:14 of 1st period - Kyle Turris is hit by Marc-Edouard Vlasic and loses puck.
0:35 of 1st period - Kyle Turris is hit by Gabriel Landeskog.
0:49 of 1st period - Marco Scandella is hit by Thomas Vanek and loses puck.
2:06 of 1st period - Icing by Braydon Coburn.
2:07 of 1st period - Nazem Kadri wins face-off versus Jay Beagle in Sabres zone.
2:36 of 1st period - Minor Penalty to Daniel Winnik for Tripping.
2:37 of 1st period - Tyler Bozak wins face-off versus Kyle Turris in Sabres zone.
3:00 of 1st period - Shot by Marco Scandella.
3:00 of 1st period - Shot Misses the Net.
3:02 of 1st period - Shot by Marc-Edouard Vlasic.
3:02 of 1st period - Stopped by Ondrej Pavelec without a rebound.
3:03 of 1st period - Aleksander Barkov wins face-off versus Brad Boyes in Sabres zone.
3:06 of 1st period - Shot by Brian Campbell.
3:06 of 1st period - Shot Misses the Net.
3:08 of 1st period - Shot by Thomas Hickey.
3:08 of 1st period - Stopped by Ondrej Pavelec without a rebound.
3:09 of 1st period - Kyle Turris wins face-off versus Aleksander Barkov in Sabres zone.
3:34 of 1st period - Shot by Michael Grabner.
3:34 of 1st period - Stopped by Ondrej Pavelec with a rebound.
3:36 of 1st period - Shot by Aleksander Barkov.
3:36 of 1st period - Deflect By Justin Williams.
3:36 of 1st period - Shot Blocked by Francois Beauchemin.
4:36 of 1st period - Shot by Matt Read.
4:36 of 1st period - Goal by Matt Read - Oilers : 1 - Sabres : 0.
4:37 of 1st period - Kyle Turris wins face-off versus Bo Horvat in neutral zone.
4:41 of 1st period - Minor Penalty to Jeff Schultz for Hooking.
4:42 of 1st period - Thomas Vanek wins face-off versus Dominic Moore in Oilers zone.
4:53 of 1st period - Shot by Gustav Nyquist.
4:53 of 1st period - Goal by Gustav Nyquist - Oilers : 1 - Sabres : 1.
4:54 of 1st period - Bo Horvat wins face-off versus Lars Eller in neutral zone.
5:36 of 1st period - Shot by Lars Eller.
5:36 of 1st period - Stopped by Martin Jones without a rebound.
5:37 of 1st period - Matt Read wins face-off versus Kyle Turris in Oilers zone.
5:37 of 1st period - Matt Read is hit by Kyle Turris.
5:43 of 1st period - Josh Gorges is hit by Tyler Bozak and loses puck.
5:58 of 1st period - Marco Scandella is hit by Gustav Nyquist and loses puck.
6:07 of 1st period - Gabriel Landeskog is hit by Rasmus Ristolainen and loses puck.
6:14 of 1st period - Shot by Gabriel Landeskog.
6:14 of 1st period - Shot Misses the Net.
6:16 of 1st period - Shot by Marc-Edouard Vlasic.
6:16 of 1st period - Shot Misses the Net.
6:38 of 1st period - Shot by Dominic Moore.
6:38 of 1st period - Shot Blocked by Josh Gorges.
6:40 of 1st period - Shot by Dominic Moore.
6:40 of 1st period - Stopped by Ondrej Pavelec without a rebound.
6:41 of 1st period - Nazem Kadri wins face-off versus Michael Grabner in Sabres zone.
6:46 of 1st period - Shot by Michael Grabner.
6:46 of 1st period - Stopped by Ondrej Pavelec without a rebound.
6:47 of 1st period - Jacob Josefson wins face-off versus Jay Beagle in Sabres zone.
8:06 of 1st period - Minor Penalty to Dominic Moore for Hooking.
8:07 of 1st period - Aleksander Barkov wins face-off versus Kyle Turris in Oilers zone.
8:07 of 1st period - Matt Read is hit by Thomas Vanek and loses puck.
8:40 of 1st period - Shot by Braydon Coburn.
8:40 of 1st period - Stopped by Martin Jones without a rebound.
8:41 of 1st period - Brayden Schenn wins face-off versus Tomas Fleischmann in Oilers zone.
9:31 of 1st period - Shot by Gustav Nyquist.
9:31 of 1st period - Shot Misses the Net.
11:28 of 1st period - Shot by Brayden Schenn.
11:28 of 1st period - Stopped by Martin Jones without a rebound.
11:29 of 1st period - Gustav Nyquist wins face-off versus Aleksander Barkov in Oilers zone.
11:30 of 1st period - Shot by Kyle Turris.
11:30 of 1st period - Shot Misses the Net.
11:32 of 1st period - Shot by Gustav Nyquist.
11:32 of 1st period - Stopped by Martin Jones with a rebound.
11:46 of 1st period - Brian Campbell is hit by Gustav Nyquist and loses puck.
12:12 of 1st period - Icing by Thomas Hickey.
12:13 of 1st period - Aleksander Barkov wins face-off versus Nazem Kadri in Oilers zone.
12:22 of 1st period - Shot by Oliver Ekman-Larsson.
12:22 of 1st period - Stopped by Martin Jones with a rebound.
12:58 of 1st period - Marc-Edouard Vlasic is hit by Brayden Schenn and loses puck.
13:48 of 1st period - Michael Grabner is hit by Josh Gorges and loses puck.
14:13 of 1st period - Michael Grabner is hit by Kris Versteeg and loses puck.
14:35 of 1st period - Shot by Matthew Nieto.
14:35 of 1st period - Goal by Matthew Nieto - Oilers : 2 - Sabres : 1.
14:36 of 1st period - Kyle Turris wins face-off versus Bo Horvat in neutral zone.
15:08 of 1st period - Shot by Thomas Vanek.
15:08 of 1st period - Goal by Thomas Vanek - Oilers : 2 - Sabres : 2.
15:09 of 1st period - Tyler Bozak wins face-off versus Nazem Kadri in neutral zone.
15:20 of 1st period - Shot by Gabriel Landeskog.
15:20 of 1st period - Shot Misses the Net.
15:51 of 1st period - Brayden Schenn is hit by Thomas Hickey.
16:07 of 1st period - Shot by Gustav Nyquist.
16:07 of 1st period - Stopped by Martin Jones without a rebound.
16:08 of 1st period - Kyle Turris wins face-off versus Aleksander Barkov in Oilers zone.
16:37 of 1st period - Gustav Nyquist is hit by Dominic Moore and loses puck.
16:47 of 1st period - Icing by Kyle Turris.
16:48 of 1st period - Jay Beagle wins face-off versus Kyle Turris in Sabres zone.
17:56 of 1st period - Gabriel Landeskog is hit by Brayden Schenn and loses puck.
18:05 of 1st period - Shot by Tyler Bozak.
18:05 of 1st period - Stopped by Ondrej Pavelec without a rebound.
18:06 of 1st period - Jacob Josefson wins face-off versus Aleksander Barkov in Sabres zone.
18:29 of 1st period - Josh Gorges is hit by Mathew Dumba and loses puck.
18:46 of 1st period - Shot by Brad Boyes.
18:46 of 1st period - Stopped by Martin Jones without a rebound.
18:47 of 1st period - Tyler Bozak wins face-off versus Nazem Kadri in Oilers zone.
19:00 of 1st period - Shot by Nino Niederreiter.
19:00 of 1st period - Stopped by Martin Jones with a rebound.
19:02 of 1st period - Shot by Nazem Kadri.
19:02 of 1st period - Stopped by Martin Jones with a rebound.
Goals for this period are 2 for Oilers vs 2 for Sabres.
Shots for this period are 8 for Oilers vs 11 for Sabres.

2nd period


0:01 of 2nd period - Aleksander Barkov wins face-off versus Thomas Vanek in neutral zone.
0:34 of 2nd period - Shot by Gustav Nyquist.
0:34 of 2nd period - Stopped by Martin Jones with a rebound.
1:13 of 2nd period - Icing by Tyler Bozak.
1:14 of 2nd period - Tyler Bozak wins face-off versus Lars Eller in Oilers zone.
1:16 of 2nd period - Icing by Mathew Dumba.
1:17 of 2nd period - Nazem Kadri wins face-off versus Tyler Bozak in Oilers zone.
3:18 of 2nd period - Shot by Gustav Nyquist.
3:18 of 2nd period - Stopped by Martin Jones without a rebound.
3:19 of 2nd period - Jay Beagle wins face-off versus Jacob Josefson in Oilers zone.
3:44 of 2nd period - Shot by Kyle Palmieri.
3:44 of 2nd period - Shot Misses the Net.
4:35 of 2nd period - Off-side.
4:36 of 2nd period - Tyler Bozak wins face-off versus Nazem Kadri in neutral zone.
4:49 of 2nd period - Shot by Nazem Kadri.
4:49 of 2nd period - Shot Misses the Net.
4:51 of 2nd period - Shot by Brayden Schenn.
4:51 of 2nd period - Stopped by Martin Jones without a rebound.
4:52 of 2nd period - Thomas Vanek wins face-off versus Bo Horvat in Oilers zone.
6:16 of 2nd period - Icing by Marc-Edouard Vlasic.
6:17 of 2nd period - Tyler Bozak wins face-off versus Lars Eller in Oilers zone.
6:17 of 2nd period - Tyler Bozak is hit by Daniel Winnik.
7:54 of 2nd period - Shot by Tomas Fleischmann.
7:54 of 2nd period - Deflect By Jay Beagle.
7:54 of 2nd period - Shot Misses the Net.
8:32 of 2nd period - Minor Penalty to Gustav Nyquist for Hooking.
8:33 of 2nd period - Tyler Bozak wins face-off versus Daniel Winnik in Sabres zone.
8:47 of 2nd period - Icing by Marco Scandella.
8:48 of 2nd period - Daniel Winnik wins face-off versus Tyler Bozak in Oilers zone.
9:01 of 2nd period - Shot by Gabriel Landeskog.
9:01 of 2nd period - Deflect By Tyler Bozak.
9:01 of 2nd period - Stopped by Ondrej Pavelec without a rebound.
9:02 of 2nd period - Brad Boyes wins face-off versus Aleksander Barkov in Sabres zone.
9:10 of 2nd period - Icing by Marc-Edouard Vlasic.
9:11 of 2nd period - Aleksander Barkov wins face-off versus Daniel Winnik in Oilers zone.
9:38 of 2nd period - Shot by Marc-Edouard Vlasic.
9:38 of 2nd period - Shot Misses the Net.
9:40 of 2nd period - Shot by Marco Scandella.
9:40 of 2nd period - Stopped by Ondrej Pavelec without a rebound.
9:41 of 2nd period - Tyler Bozak wins face-off versus Daniel Winnik in Sabres zone.
10:16 of 2nd period - Shot by Gabriel Landeskog.
10:16 of 2nd period - Stopped by Ondrej Pavelec without a rebound.
10:17 of 2nd period - Brad Boyes wins face-off versus Aleksander Barkov in Sabres zone.
10:35 of 2nd period - Icing by Josh Gorges.
10:36 of 2nd period - Kyle Turris wins face-off versus Scottie Upshall in Sabres zone.
10:48 of 2nd period - Shot by Gustav Nyquist.
10:48 of 2nd period - Shot Hit the Post.
10:50 of 2nd period - Shot by Rasmus Ristolainen.
10:50 of 2nd period - Stopped by Martin Jones with a rebound.
10:52 of 2nd period - Shot by Kyle Turris.
10:52 of 2nd period - Goal by Kyle Turris - Oilers : 2 - Sabres : 3.
10:53 of 2nd period - Tyler Bozak wins face-off versus Nazem Kadri in neutral zone.
11:10 of 2nd period - Shot by Marc-Edouard Vlasic.
11:10 of 2nd period - Shot Misses the Net.
11:18 of 2nd period - Marc-Edouard Vlasic is hit by Nazem Kadri and loses puck.
11:35 of 2nd period - Shot by Nino Niederreiter.
11:35 of 2nd period - Stopped by Martin Jones without a rebound.
11:36 of 2nd period - Kyle Turris wins face-off versus Dominic Moore in Oilers zone.
11:57 of 2nd period - Shot by Justin Williams.
11:57 of 2nd period - Stopped by Ondrej Pavelec with a rebound.
12:03 of 2nd period - Shot by Justin Williams.
12:03 of 2nd period - Stopped by Ondrej Pavelec without a rebound.
12:04 of 2nd period - Lars Eller wins face-off versus Jay Beagle in Sabres zone.
13:06 of 2nd period - Shot by Thomas Vanek.
13:06 of 2nd period - Shot Misses the Net.
13:19 of 2nd period - Icing by Thomas Hickey.
13:20 of 2nd period - Nazem Kadri wins face-off versus Tomas Fleischmann in Oilers zone.
13:26 of 2nd period - Off-side.
13:27 of 2nd period - Matt Read wins face-off versus Nazem Kadri in neutral zone.
13:46 of 2nd period - Shot by Brayden Schenn.
13:46 of 2nd period - Stopped by Martin Jones without a rebound.
13:47 of 2nd period - Kyle Turris wins face-off versus Aleksander Barkov in Oilers zone.
14:00 of 2nd period - Mathew Dumba is hit by Thomas Vanek and loses puck.
15:56 of 2nd period - Icing by Braydon Coburn.
15:57 of 2nd period - Kyle Turris wins face-off versus Jay Beagle in Sabres zone.
16:05 of 2nd period - Icing by Kyle Turris.
16:06 of 2nd period - Kyle Turris wins face-off versus Bo Horvat in Sabres zone.
16:23 of 2nd period - Shot by Bo Horvat.
16:23 of 2nd period - Stopped by Ondrej Pavelec with a rebound.
17:11 of 2nd period - Shot by Dominic Moore.
17:11 of 2nd period - Stopped by Ondrej Pavelec with a rebound.
17:13 of 2nd period - Shot by Aleksander Barkov.
17:13 of 2nd period - Stopped by Ondrej Pavelec with a rebound.
17:15 of 2nd period - Shot by Jeff Schultz.
17:15 of 2nd period - Stopped by Ondrej Pavelec without a rebound.
17:16 of 2nd period - Tyler Bozak wins face-off versus Lars Eller in Sabres zone.
17:27 of 2nd period - Shot by Daniel Winnik.
17:27 of 2nd period - Stopped by Martin Jones without a rebound.
17:28 of 2nd period - Jacob Josefson wins face-off versus Aleksander Barkov in Oilers zone.
17:55 of 2nd period - Shot by Kyle Palmieri.
17:55 of 2nd period - Shot Misses the Net.
17:57 of 2nd period - Shot by Brad Boyes.
17:57 of 2nd period - Shot Hit the Post.
18:23 of 2nd period - Francois Beauchemin is hit by Dominic Moore and loses puck.
18:35 of 2nd period - Kris Versteeg is hit by Jeff Schultz and loses puck.
18:44 of 2nd period - Shot by Kris Versteeg.
18:44 of 2nd period - Shot Misses the Net.
18:58 of 2nd period - Icing by Oliver Ekman-Larsson.
18:59 of 2nd period - Matt Read wins face-off versus Lars Eller in Sabres zone.
18:59 of 2nd period - Matt Read is hit by Oliver Ekman-Larsson.
19:01 of 2nd period - Shot by Tyler Bozak.
19:01 of 2nd period - Stopped by Ondrej Pavelec without a rebound.
19:02 of 2nd period - Nazem Kadri wins face-off versus Tyler Bozak in Sabres zone.
19:10 of 2nd period - Rasmus Ristolainen is hit by Marc-Edouard Vlasic and loses puck.
19:23 of 2nd period - Shot by Matt Read.
19:23 of 2nd period - Stopped by Ondrej Pavelec without a rebound.
19:24 of 2nd period - Kyle Turris wins face-off versus Jay Beagle in Sabres zone.
19:24 of 2nd period - Kyle Turris is hit by Jay Beagle.
19:46 of 2nd period - Shot by Thomas Vanek.
19:46 of 2nd period - Shot Blocked by Thomas Hickey.
19:48 of 2nd period - Shot by Kyle Turris.
19:48 of 2nd period - Stopped by Martin Jones without a rebound.
19:49 of 2nd period - Nazem Kadri wins face-off versus Tyler Bozak in Oilers zone.
Goals for this period are 0 for Oilers vs 1 for Sabres.
Shots for this period are 11 for Oilers vs 9 for Sabres.

3rd period


0:01 of 3rd period - Tyler Bozak wins face-off versus Kyle Turris in neutral zone.
0:20 of 3rd period - Shot by Kyle Turris.
0:20 of 3rd period - Stopped by Martin Jones without a rebound.
0:21 of 3rd period - Nazem Kadri wins face-off versus Justin Williams in Oilers zone.
0:42 of 3rd period - Shot by Brayden Schenn.
0:42 of 3rd period - Shot Blocked by Brian Campbell.
0:48 of 3rd period - Shot by Nazem Kadri.
0:48 of 3rd period - Deflect By Nino Niederreiter.
0:48 of 3rd period - Shot Blocked by Brian Campbell.
0:50 of 3rd period - Shot by Nazem Kadri.
0:50 of 3rd period - Stopped by Martin Jones with a rebound.
0:52 of 3rd period - Shot by Nazem Kadri.
0:52 of 3rd period - Stopped by Martin Jones without a rebound.
0:53 of 3rd period - Tyler Bozak wins face-off versus Kyle Turris in Oilers zone.
0:53 of 3rd period - Tyler Bozak is hit by Gustav Nyquist.
1:15 of 3rd period - Shot by Gabriel Landeskog.
1:15 of 3rd period - Stopped by Ondrej Pavelec without a rebound.
1:16 of 3rd period - Tomas Fleischmann wins face-off versus Lars Eller in Sabres zone.
1:21 of 3rd period - Shot by Tomas Fleischmann.
1:21 of 3rd period - Shot Misses the Net.
1:23 of 3rd period - Shot by Jeff Schultz.
1:23 of 3rd period - Shot Blocked by Josh Gorges.
1:29 of 3rd period - Shot by Michael Grabner.
1:29 of 3rd period - Deflect By Jay Beagle.
1:29 of 3rd period - Stopped by Ondrej Pavelec without a rebound.
1:30 of 3rd period - Kyle Turris wins face-off versus Tyler Bozak in Sabres zone.
1:30 of 3rd period - Kyle Turris is hit by Tyler Bozak.
1:58 of 3rd period - Shot by Thomas Vanek.
1:58 of 3rd period - Shot Blocked by Marco Scandella.
2:01 of 3rd period - Icing by Tyler Bozak.
2:02 of 3rd period - Tyler Bozak wins face-off versus Nazem Kadri in Oilers zone.
2:02 of 3rd period - Marc-Edouard Vlasic is hit by Brayden Schenn.
2:27 of 3rd period - Shot by Nino Niederreiter.
2:27 of 3rd period - Shot Misses the Net.
2:39 of 3rd period - Shot by Brayden Schenn.
2:39 of 3rd period - Shot Blocked by Marc-Edouard Vlasic.
3:05 of 3rd period - Dominic Moore is hit by Braydon Coburn and loses puck.
3:37 of 3rd period - Shot by Kyle Turris.
3:37 of 3rd period - Stopped by Martin Jones without a rebound.
3:38 of 3rd period - Lars Eller wins face-off versus Jay Beagle in Oilers zone.
4:00 of 3rd period - Icing by Rasmus Ristolainen.
4:01 of 3rd period - Lars Eller wins face-off versus Bo Horvat in Sabres zone.
6:06 of 3rd period - Matt Read is hit by Brayden Schenn and loses puck.
7:59 of 3rd period - Shot by Scottie Upshall.
7:59 of 3rd period - Shot Misses the Net.
8:39 of 3rd period - Icing by Jeff Schultz.
8:40 of 3rd period - Kyle Turris wins face-off versus Bo Horvat in Oilers zone.
8:48 of 3rd period - Icing by Mathew Dumba.
8:49 of 3rd period - Bo Horvat wins face-off versus Kyle Turris in Oilers zone.
8:49 of 3rd period - Bo Horvat is hit by Kyle Turris.
8:54 of 3rd period - Off-side.
8:55 of 3rd period - Tyler Bozak wins face-off versus Kyle Turris in neutral zone.
10:00 of 3rd period - Icing by Brian Campbell.
10:01 of 3rd period - Aleksander Barkov wins face-off versus Nazem Kadri in Oilers zone.
11:08 of 3rd period - Shot by Michael Grabner.
11:08 of 3rd period - Shot Misses the Net.
11:12 of 3rd period - Shot by Marco Scandella.
11:12 of 3rd period - Shot Blocked by Josh Gorges.
11:14 of 3rd period - Shot by Marc-Edouard Vlasic.
11:14 of 3rd period - Shot Misses the Net.
11:16 of 3rd period - Shot by Marco Scandella.
11:16 of 3rd period - Stopped by Ondrej Pavelec with a rebound.
11:56 of 3rd period - Shot by Tyler Bozak.
11:56 of 3rd period - Stopped by Ondrej Pavelec without a rebound.
11:57 of 3rd period - Bo Horvat wins face-off versus Kyle Turris in Sabres zone.
12:02 of 3rd period - Shot by Matthew Nieto.
12:02 of 3rd period - Stopped by Ondrej Pavelec without a rebound.
12:03 of 3rd period - Kyle Turris wins face-off versus Bo Horvat in Sabres zone.
12:22 of 3rd period - Shot by Kyle Turris.
12:22 of 3rd period - Shot Misses the Net.
12:24 of 3rd period - Shot by Kyle Turris.
12:24 of 3rd period - Stopped by Martin Jones with a rebound.
12:26 of 3rd period - Shot by Braydon Coburn.
12:26 of 3rd period - Shot Blocked by Mathew Dumba.
12:42 of 3rd period - Shot by Kyle Turris.
12:42 of 3rd period - Stopped by Martin Jones without a rebound.
12:43 of 3rd period - Nino Niederreiter wins face-off versus Tyler Bozak in Oilers zone.
13:05 of 3rd period - Nazem Kadri is hit by Marco Scandella and loses puck.
13:12 of 3rd period - Marco Scandella is hit by Brayden Schenn and loses puck.
13:16 of 3rd period - Icing by Marco Scandella.
13:17 of 3rd period - Tyler Bozak wins face-off versus Lars Eller in Oilers zone.
13:17 of 3rd period - Tyler Bozak is hit by Kris Versteeg.
14:04 of 3rd period - Icing by Gabriel Landeskog.
14:05 of 3rd period - Kyle Turris wins face-off versus Tyler Bozak in Oilers zone.
14:07 of 3rd period - Gustav Nyquist is hit by Marco Scandella and loses puck.
14:40 of 3rd period - Shot by Kyle Turris.
14:40 of 3rd period - Shot Misses the Net.
15:16 of 3rd period - Nazem Kadri is hit by Thomas Hickey and loses puck.
15:35 of 3rd period - Shot by Brayden Schenn.
15:35 of 3rd period - Stopped by Martin Jones without a rebound.
15:36 of 3rd period - Lars Eller wins face-off versus Jay Beagle in Oilers zone.
15:55 of 3rd period - Shot by Kris Versteeg.
15:55 of 3rd period - Shot Misses the Net.
15:57 of 3rd period - Shot by Kris Versteeg.
15:57 of 3rd period - Stopped by Martin Jones with a rebound.
15:59 of 3rd period - Shot by Daniel Winnik.
15:59 of 3rd period - Deflect By Kris Versteeg.
15:59 of 3rd period - Stopped by Martin Jones with a rebound.
16:51 of 3rd period - Shot by Kyle Turris.
16:51 of 3rd period - Stopped by Martin Jones without a rebound.
16:52 of 3rd period - Nazem Kadri wins face-off versus Tyler Bozak in Oilers zone.
17:23 of 3rd period - Shot by Gabriel Landeskog.
17:23 of 3rd period - Stopped by Ondrej Pavelec without a rebound.
17:24 of 3rd period - Kyle Turris wins face-off versus Dominic Moore in Sabres zone.
17:26 of 3rd period - Icing by Gustav Nyquist.
17:27 of 3rd period - Kyle Turris wins face-off versus Aleksander Barkov in Sabres zone.
17:34 of 3rd period - Shot by Thomas Vanek.
17:34 of 3rd period - Stopped by Martin Jones without a rebound.
17:35 of 3rd period - Matt Read wins face-off versus Kyle Turris in Oilers zone.
18:02 of 3rd period - Shot by Gustav Nyquist.
18:02 of 3rd period - Shot Blocked by Marco Scandella.
18:16 of 3rd period - Shot by Thomas Vanek.
18:16 of 3rd period - Shot Misses the Net.
18:18 of 3rd period - Shot by Kyle Turris.
18:18 of 3rd period - Stopped by Martin Jones without a rebound.
18:19 of 3rd period - Aleksander Barkov wins face-off versus Nazem Kadri in Oilers zone.
18:24 of 3rd period - Shot by Mathew Dumba.
18:24 of 3rd period - Shot Misses the Net.
18:31 of 3rd period - Minor Penalty to Braydon Coburn for Hooking.
18:32 of 3rd period - Aleksander Barkov wins face-off versus Daniel Winnik in Sabres zone.
18:33 of 3rd period - Shot by Michael Grabner.
18:33 of 3rd period - Shot Misses the Net.
18:35 of 3rd period - Shot by Brian Campbell.
18:35 of 3rd period - Shot Blocked by Josh Gorges.
18:37 of 3rd period - Shot by Michael Grabner.
18:37 of 3rd period - Shot Misses the Net.
18:39 of 3rd period - Shot by Thomas Hickey.
18:39 of 3rd period - Shot Blocked by Kris Versteeg.
18:41 of 3rd period - Shot by Michael Grabner.
18:41 of 3rd period - Shot Misses the Net.
19:01 of 3rd period - Oilers, Martin Jones is pulled from the net.
19:01 of 3rd period - Shot by Thomas Hickey.
19:01 of 3rd period - Shot Blocked by Daniel Winnik.
19:05 of 3rd period - Shot by Aleksander Barkov.
19:05 of 3rd period - Shot Misses the Net.
19:07 of 3rd period - Shot by Brian Campbell.
19:07 of 3rd period - Stopped by Ondrej Pavelec without a rebound.
19:08 of 3rd period - Tyler Bozak wins face-off versus Brad Boyes in Sabres zone.
19:24 of 3rd period - Icing by Marc-Edouard Vlasic.
19:25 of 3rd period - Martin Jones from Oilers was sent back in the game.
19:25 of 3rd period - Brad Boyes wins face-off versus Tyler Bozak in Oilers zone.
19:42 of 3rd period - Oilers, Martin Jones is pulled from the net.
19:44 of 3rd period - Shot by Tyler Bozak.
19:44 of 3rd period - Shot Blocked by Francois Beauchemin.
19:46 of 3rd period - Shot by Marco Scandella.
19:46 of 3rd period - Stopped by Ondrej Pavelec with a rebound.
19:48 of 3rd period - Shot by Marco Scandella.
19:48 of 3rd period - Shot Misses the Net.
19:50 of 3rd period - Shot by Marco Scandella.
19:50 of 3rd period - Stopped by Ondrej Pavelec without a rebound.
19:51 of 3rd period - Aleksander Barkov wins face-off versus Daniel Winnik in Sabres zone.
19:52 of 3rd period - Shot by Justin Williams.
19:52 of 3rd period - Deflect By Aleksander Barkov.
19:52 of 3rd period - Stopped by Ondrej Pavelec with a rebound.
Goals for this period are 0 for Oilers vs 0 for Sabres.
Shots for this period are 10 for Oilers vs 12 for Sabres.